 Dungeon Crawl Stone Soup version 0.28.0-1-gb440e238dd (webtiles) character file.

Game seed: 2163071273040826293

7396 shoop the Placeless Cat (level 10, 45/45 HPs)
             Began as a Felid Delver on Feb 15, 2022.
             Was an Elder of Elyvilon.
             Quit the game on level 3 of the Lair of Beasts on Feb 20, 2022.
             The game lasted 01:30:12 (29940 turns).

shoop the Placeless Cat (Felid Delver)             Turns: 29940, Time: 01:30:13

Health: 45/45      AC:  3    Str: 16    XL:     10   Next: 92%
Magic:  32/32      EV: 23    Int: 15    God:    Elyvilon [****..]
Gold:   981        SH:  0    Dex: 17    Spells: 4/25 levels left
                                        Lives:  0   Deaths: 2

rFire   . . .      SeeInvis +     - Unarmed
rCold   + . .      Faith    .   (shield unavailable)
rNeg    . . .      Spirit   +   (armour unavailable)
rPois   .          Reflect  .   (helmet unavailable)
rElec   .          Harm     .   (cloak unavailable)
rCorr   .          Rampage  .   (gloves unavailable)
Will    +....                   (boots unavailable)
Stlth   +++++.....              s - amulet of guardian spirit
HPRegen 0.15/turn               x - +6 ring of strength
MPRegen 0.23/turn               k - ring of magical power

@: quick
A: very small, claws 1, fangs 3, see invisible, speed 1, shaggy fur 3, stealthy
paws, no weapons or thrown items, no armour, multi-lived
a: Renounce Religion, Purification, Heal Other, Heal Self


You were on level 3 of the Lair of Beasts.
You worshipped Elyvilon.
Elyvilon was greatly pleased with you.
You visited 4 branches of the dungeon, and saw 18 of its levels.

You collected 1029 gold pieces.
You spent 48 gold pieces at shops.

Inventory:

Jewellery
 k - a ring of magical power (right paw)
 o - a +6 ring of intelligence
 s - an amulet of guardian spirit (around neck)
 x - a +6 ring of strength (left paw)
 A - a ring of protection from fire
Wands
 e - a wand of digging (3)
 l - a wand of polymorph (4)
 t - a wand of iceblast (22)
Scrolls
 a - 3 scrolls of fog
 b - 3 scrolls of magic mapping
 c - 4 scrolls of fear
 f - 3 scrolls of enchant weapon {unknown}
 g - a scroll of torment
 h - a scroll of immolation
 i - 6 scrolls of teleportation
 n - a scroll of amnesia
 r - a scroll of vulnerability
 v - 2 scrolls of holy word
 y - a scroll of blinking
Potions
 d - a potion of haste
 j - 2 potions of heal wounds
 m - 2 potions of mutation
 p - 9 potions of curing
 q - 3 potions of lignification
 u - a potion of resistance
 w - a potion of brilliance
 z - 2 potions of attraction
Miscellaneous
 B - a condenser vane


   Skills:
 - Level 6.1 Fighting
 - Level 9.0 Dodging
 - Level 10.0 Stealth
 - Level 10.0 Unarmed Combat
 + Level 8.0 Spellcasting
 - Level 10.0 Translocations
 * Level 10.0 Transmutations
 - Level 4.2 Air Magic
 - Level 2.0 Earth Magic
 - Level 3.0 Invocations
 - Level 5.0 Evocations


You had 4 spell levels left.
You knew the following spells:

 Your Spells              Type           Power      Damage    Failure   Level
a - Blade Hands           Tmut           18%        N/A       5%          5
b - Blink                 Tloc           72%        N/A       1%          2
c - Storm Form            Tmut/Air       13%        N/A       99%         7
d - Manifold Assault      Tloc           36%        N/A       5%          5
p - Passwall              Tmut/Erth      20%        N/A       1%          2

Your spell library contained the following spells:

 Spells                   Type           Power      Damage    Failure   Level
 Sandblast                Erth           24%        2d8       5%          1
 Stone Arrow              Conj/Erth      18%        3d8       24%         3
 Call Canine Familiar     Summ           6%         N/A       34%         3
 Leda's Liquefaction      Hex/Erth       4%         N/A       61%         4
 Portal Projectile        Hex/Tloc       Unusable   N/A       N/A         3
 Excruciating Wounds      Necr           Unusable   N/A       N/A         5

Dungeon Overview and Level Annotations

Branches:
Dungeon (13/15)            Temple (1/1) D:5            Lair (3/6) D:8
  Swamp (0/4) Lair:3          Orc (1/2) D:12
  Snake: Lair:2-4    Spider: Lair:2-4    Vaults: D:13-14

Altars:
Ashenzari
Cheibriados
Dithmenos
Elyvilon
Gozag
Hepliaklqana
Kikubaaqudgha
Makhleb
Nemelex Xobeh
Okawaru
Qazlal
Ru
Sif Muna
Trog
Uskayaw
Vehumet
Wu Jian
Xom
The Shining One

Shops:
D:5 !

Annotations:
D:2 1 runed translucent door, Crazy Yiuf
D:3 Sigmund
D:7 exclusions: 3 orcs and orc warrior, Dowan, Duvessa
D:10 exclusions: kobold brigand, kobold demonologist and wraith, Josephine
D:11 exclusions: boulder beetle, cyclops and 1 more exclusion
Lair:2 exclusions: black bear, water moccasin and 2 yaks
Lair:3 Rupert, Sonja


Innate Abilities, Weirdness & Mutations

You have sharp claws.
You have razor-sharp teeth.
You have supernaturally acute eyesight. (SInv)
You cover ground quickly. (Speed+)
Your thick and shaggy fur keeps you warm. (AC +3, rC+)
Your paws help you pounce on unaware monsters.
You are incapable of wielding weapons or throwing items.
You cannot wear armour.
You gain extra lives every three experience levels.


Message History

The bullfrog is severely wounded.
The bullfrog misses you. x2
You closely miss the bullfrog.
The bullfrog is severely wounded.
The bullfrog hits you!
You claw the bullfrog!
You kill the bullfrog!
Your Transmutations skill increases to level 10!
No target in view!
Rupert the Wild comes into view.
He is wielding a +5 vorpal great sword and wearing a +3 leather armour of willpower.
Rupert shouts!
The bullfrog croaks.
Rupert completely misses you.
You scratch Rupert but do no damage. You bite Rupert, but do no damage.
The bullfrog completely misses you. Rupert yells loudly at you.
You suddenly lose the ability to move!
The bullfrog hits you. The bullfrog hits you. Rupert completely misses you.
The bullfrog barely misses you. Rupert roars wildly at you.
You resist with some effort. The bullfrog hits you. The bullfrog hits you.
Rupert hits you with a +5 vorpal great sword!!
The bullfrog hits you.
Rupert roars madly and goes into a rage!
Rupert goes berserk!
The bullfrog hits you.
Rupert hits you with a +5 vorpal great sword!!
* * * LOW HITPOINT WARNING * * *
x2 The bullfrog hits you.
Elyvilon protects you from harm!
Rupert hits you with a +5 vorpal great sword!!
Elyvilon protects you from harm!
You die...
You are now level 10!
You rejoin the land of the living...
Save game and exit?
Level annotation: Rupert, Sonja Welcome back, shoop the Felid Delver.
Elyvilon says: Go forth and aid the weak!
Press ? for a list of commands and other information.
Are you sure you want to abandon this character and quit the game? (Confirm with "yes".)

###..........###.
###............#...
#.............##..P
##............##...
#............##...
#...........###...
##..(.......##....
#...........##....
#@.#...†.####.....
##.........#.#.....
#.#................
####..#.....>......
##.#######.........
#...# ##.##.....
##..########.......
#P...##.##........
##..##.......#....


There were no monsters in sight!

Vanquished Creatures
  4 hydras
  A centaur warrior (D:11)
  2 bog bodies (Lair:3)
  An ugly thing (D:13)
  2 cyclopes
  A black mamba (Lair:2)
  Maurice (D:8)
  2 komodo dragons (Lair:2)
  5 cane toads
  An unseen horror (D:10)
  A kobold demonologist (D:12)
  6 trolls
  A meliai (shapeshifter) (D:9)
  A hornet (D:9)
  7 slime creatures
  4 blink frogs (Lair:3)
  A meliai zombie (D:11)
  A shadow (D:10)
  A vampire (D:11)
  16 yaks
  A wraith (D:8)
  A basilisk (Lair:2)
  A steam dragon (D:9)
  3 vampire mosquitoes
  Edmund (D:5)
  A warg (D:12)
  An acid dragon (D:11)
  3 water moccasins
  14 orc warriors
  A black bear (D:7)
  A sky beast (D:6)
  3 necrophages
  4 centaurs
  A phantom (D:7)
  7 bullfrogs
  2 scorpions
  2 water moccasin skeletons
  5 wights
  A killer bee (D:9)
  A bullfrog zombie (D:6)
  4 hounds
  2 centaur zombies
  10 orc priests
  A jelly (D:6)
  2 bullfrog skeletons
  2 centaur skeletons (D:7)
  Jessica (D:3)
  4 iguanas
  Terence (D:2)
  16 orc wizards
  4 howler monkey zombies
  A howler monkey skeleton (D:7)
  8 adders
  3 gnolls
  A river rat (D:3)
  An adder skeleton (D:4)
  3 worms (D:3)
  5 dart slugs
  75 orcs
  6 ball pythons
  4 bats
  6 endoplasms
  5 giant cockroaches
  9 goblins
  4 hobgoblins
  4 quokkas
  3 frilled lizards
  5 kobolds
  7 rats
310 creatures vanquished.

Vanquished Creatures (others)
  2 orcs
  A goblin (D:4)
  5 fungi
  18 plants
26 creatures vanquished.

Grand Total: 336 creatures vanquished

Notes
Turn   | Place    | Note
-------+----------+-------------------------------------------
     0 | D:5      | shoop the Felid Delver began the quest for the Orb.
     0 | D:5      | Reached XP level 1. HP: 10/10 MP: 2/2
    77 | D:4      | Noticed a scorpion
   120 | D:4      | Noticed an iguana
   225 | D:3      | Reached XP level 2. HP: 14/14 MP: 3/3
  1295 | D:1      | Reached XP level 3. HP: 17/17 MP: 4/4
  1549 | D:1      | Found a faded altar of an unknown god.
  1909 | D:2      | Found a runed translucent door.
  1910 | D:2      | Noticed Crazy Yiuf
  1926 | D:2      | Noticed Terence
  2443 | D:3      | Reached XP level 4. HP: 17/21 MP: 5/5
  2582 | D:3      | Noticed Jessica
  2611 | D:3      | Killed Jessica
  2835 | D:3      | Noticed Sigmund
  3345 | D:4      | Found a radiant altar of Vehumet.
  3717 | D:4      | Reached XP level 5. HP: 20/25 MP: 6/6
  4724 | D:2      | Reached skill level 1 in Evocations
  4867 | D:2      | Gained mutation: You are covered in thick fur. (AC +2)
                  | [Felid growth]
  4867 | D:2      | Reached XP level 6. HP: 23/28 MP: 5/7
  6006 | D:4      | Reached skill level 5 in Dodging
  6124 | D:4      | Reached skill level 5 in Unarmed Combat
  6461 | D:5      | Noticed Edmund
  6535 | D:5      | Noticed a water moccasin
  6591 | D:5      | Killed a water moccasin
  6592 | D:5      | Reached XP level 7. HP: 33/33 MP: 8/8
  6881 | D:5      | Found a staircase to the Ecumenical Temple.
  6893 | Temple   | Entered the Ecumenical Temple
  7093 | Temple   | Became a worshipper of Elyvilon the Healer
  7341 | D:5      | Found Tethaba's Distillery.
  7347 | D:5      | Bought a potion of degeneration for 12 gold pieces
  7347 | D:5      | Bought a potion of curing for 36 gold pieces
  7500 | D:6      | Reached skill level 5 in Fighting
  8034 | D:6      | Reached * piety under Elyvilon
  8045 | D:6      | You fall into a shaft and drop 3 floors!
  8045 | D:9      | Noticed a hornet
  8045 | D:9      | Found a flagged portal.
  8079 | D:7      | Reached XP level 8. HP: 22/37 MP: 6/9
  8488 | D:7      | Reached ** piety under Elyvilon
  8620 | D:7      | Noticed Duvessa
  8874 | D:6      | Learned a level 2 spell: Blink
  9154 | D:6      | Reached skill level 1 in Translocations
  9341 | D:7      | Reached skill level 1 in Spellcasting
  9480 | D:7      | Reached *** piety under Elyvilon
  9881 | D:8      | Reached skill level 1 in Invocations
 10144 | D:8      | Noticed Maurice
 10266 | D:7      | Reached XP level 9. HP: 21/41 MP: 8/12
 10683 | D:7      | Learned a level 5 spell: Manifold Assault
 11214 | D:9      | Noticed a two-headed ogre
 11535 | D:8      | Reached skill level 5 in Translocations
 12335 | D:8      | Found a staircase to the Lair.
 13508 | D:8      | Killed Maurice
 13594 | D:9      | Noticed a meliai
 13629 | Lair:1   | Entered Level 1 of the Lair of Beasts
 13633 | Lair:1   | Noticed a black mamba
 13648 | D:8      | Reached XP level 10. HP: 34/45 MP: 12/17
 14508 | D:9      | Reached skill level 5 in Spellcasting
 14860 | D:10     | Entered Level 10 of the Dungeon
 15356 | D:10     | Reached skill level 10 in Translocations
 15711 | D:10     | Noticed a manticore
 16326 | D:10     | Reached **** piety under Elyvilon
 16337 | D:10     | Pacified a manticore
 16963 | D:10     | Noticed a cyclops
 17370 | D:10     | Noticed Josephine
 17511 | D:11     | Noticed a two-headed ogre
 18077 | D:11     | Reached skill level 5 in Evocations
 18788 | D:11     | Reached XP level 11. HP: 39/47 MP: 16/20
 18884 | D:11     | Noticed a boulder beetle
 19089 | D:11     | Noticed a centaur warrior
 19748 | D:7      | Noticed Dowan
 20498 | D:5      | Killed Edmund
 20796 | D:2      | Killed Terence
 21806 | D:11     | Killed a centaur warrior
 21978 | D:11     | Learned a level 7 spell: Storm Form
 22180 | D:12     | Found a staircase to the Orcish Mines.
 22418 | D:12     | Noticed a seven-headed hydra
 22538 | D:12     | Reached skill level 10 in Unarmed Combat
 22546 | D:12     | Noticed a two-headed ogre
 22681 | Orc:1    | Entered Level 1 of the Orcish Mines
 22683 | Orc:1    | Reached skill level 10 in Stealth
 22995 | Orc:1    | Noticed an orc high priest
 23845 | D:12     | Killed a seven-headed hydra
 23879 | D:12     | Noticed a six-headed hydra
 23940 | D:12     | Pacified a six-headed hydra
 23941 | D:12     | Reached skill level 1 in Transmutations
 24128 | D:12     | Reached skill level 1 in Air Magic
 25954 | D:13     | Noticed a red ugly thing
 25957 | D:13     | Killed a red ugly thing
 25958 | D:13     | Noticed a two-headed ogre
 26443 | D:8      | Gained mutation: Your thick and shaggy fur keeps you warm.
                  | (AC +3, rC+) [Felid growth]
 26443 | D:8      | Reached XP level 12. HP: 31/52 MP: 15/25
 27265 | D:12     | HP: 1/52 [ice devil[an orc high priest] (5)]
 27265 | D:12     | Mangled by an ice devil
 27266 | D:12     | Reached XP level 11. HP: -10/48 MP: 0/24
 27366 | Lair:1   | Reached skill level 5 in Transmutations
 27544 | Lair:1   | Learned a level 5 spell: Blade Hands
 27761 | Lair:1   | Learned a level 2 spell: Passwall
 28220 | Lair:2   | Noticed an eight-headed hydra
 28220 | Lair:2   | Noticed a four-headed hydra
 28641 | Lair:2   | Reached ***** piety under Elyvilon
 28658 | Lair:2   | Killed a four-headed hydra
 28659 | Lair:2   | Reached skill level 1 in Earth Magic
 28664 | Lair:2   | Killed an eight-headed hydra
 28871 | Lair:2   | Noticed an eight-headed hydra
 28974 | Lair:3   | Noticed Sonja
 29047 | Lair:2   | Noticed a five-headed hydra
 29248 | Lair:3   | Noticed a seven-headed hydra
 29268 | Lair:3   | Killed a seven-headed hydra
 29660 | Lair:3   | Noticed a bog body
 29669 | Lair:3   | Found a staircase to the Swamp.
 29669 | Lair:3   | Noticed a bog body
 29675 | Lair:3   | Killed a bog body
 29677 | Lair:3   | Killed a bog body
 29837 | Lair:3   | Reached skill level 10 in Transmutations
 29931 | Lair:3   | Noticed Rupert
 29934 | Lair:3   | Paralysed by Rupert for 7 turns
 29939 | Lair:3   | HP: 1/48 [Rupert (3)]
 29939 | Lair:3   | Elyvilon protects you from harm!
 29939 | Lair:3   | Elyvilon protects you from harm!
 29939 | Lair:3   | Slain by Rupert
 29940 | Lair:3   | Reached XP level 10. HP: 0/45 MP: 0/32
 29940 | Lair:3   | Upgraded the game from 0.28.0 to 0.28.0-1-gb440e238dd
 29940 | Lair:3   | Quit the game

Illustrated notes

Levels and vault maps discovered:
D:1:      minmay_arrival_split_and_join, layout_basic,
          shapermc_ecumenical_altar_petra
D:2:      layout_basic, serial_glass, glass_columns_a, glass_columns_a,
          uniq_terence, uniq_crazy_yiuf_cottage
D:3:      layout_loops_cross, lightli_sewer_entry_pipes,
          minmay_misc_feat_diagonals, chequers_serial_rivers_large_b,
          serial_bayou_lagoon_b, uniq_jessica, uniq_sigmund
D:4:      layout_loops_ring, mainiacjoe_overflow_alcove_1
D:5:      layout_rooms, minmay_temple_entry_waves, serial_shops, shop_statue,
          uniq_edmund
D:6:      layout_loops_corners, minivault_24, nicolae_figureground_sparkle
D:7:      layout_layer_cave, uniq_duvessa
D:8:      layout_rooms, lair_entry_dummy, uniq_maurice
D:9:      layout_roguey, enter_bailey_5, kennysheep_generic_room_9
D:10:     layout_gridville, uniq_josephine
D:11:     layout_big_octagon, roderic_lattice_a
D:12:     layout_loops_ring, hiddenorc1_lemuel
D:13:     minmay_blocky_corners, layout_basic
Temple:   mainiacjoe_temple_hex_bubbles
Lair:1:   layout_chaotic_city, lemuel_fruit_tree
Lair:2:   dragon1_lemuel, layout_chaotic_city, grunt_megastairs_5,
          infiniplex_staircase_pool, serial_bayou_shore_a
Lair:3:   layout_cave_pods, skrybe_swamp_entry_bodies,
          minmay_snake_entry_spellcaster, uniq_rupert, uniq_sonja
Orc:1:    layout_diamond_mine, basic_altar, elf_legates

Skill      XL: |  1  2  3  4  5  6  7  8  9 10 11 12 |
---------------+-------------------------------------+-----
Dodging        | 3 4 5 6 7 8 9 |  9.0
Stealth        | 7 9 10 | 10.0
Unarmed Combat | 3 4 5 6 7 8 9 10 | 10.0
Fighting       | 4 5 6 |  6.1
Evocations     | 1 2 3 5 |  5.0
Translocations | 2 9 10 | 10.0
Spellcasting   | 1 4 5 8 |  8.0
Invocations    | 1 3 |  3.0
Transmutations | 10 | 10.0
Air Magic      | 3 4 |  4.2
Earth Magic    | 2 |  2.0

Action                   |  1- 3 |  4- 6 |  7- 9 | 10-12 || total
-------------------------+-------+-------+-------+-------++-------
Melee: Unarmed           |   104 |   170 |   326 |   698 ||  1298
       Bite              |     7 |    19 |    47 |   110 ||   183
       Punch             |     1 |     5 |    18 |    50 ||    74
 Cast: Manifold Assault  |       |       |       |     4 ||     4
       Blink             |       |       |       |     2 ||     2
       Passwall          |       |       |       |     7 ||     7
       Blade Hands       |       |       |       |     3 ||     3
Invok: Heal Other        |       |       |       |    19 ||    19
Evoke: Wand              |       |       |     8 |    24 ||    32
  Use: Scroll            |       |     1 |       |    11 ||    12
       Potion            |       |       |       |     3 ||     3
 Stab: Sleeping          |    11 |     8 |     8 |    24 ||    51
       Distracted        |       |     2 |       |     3 ||     5
Armor: Skin              |     2 |     5 |     9 |    29 ||    45
Dodge: Dodged            |    78 |   101 |   227 |   553 ||   959
